 Dungeon Crawl Stone Soup version 0.29.0-4-gdea44cf6ec (webtiles) character file.

Game seed: 15240765144987156154

40 qw the Ruffian (level 3, -3/28 HPs)
             Began as a Ghoul Fire Elementalist on Aug 29, 2022.
             Slain by a hobgoblin (6 damage)
             ... led by Robin
             ... on level 2 of the Dungeon.
             The game lasted 00:01:19 (1572 turns).

qw the Ruffian (Ghoul Fire Elementalist)            Turns: 1572, Time: 00:01:19

Health: -3/28      AC:  4    Str: 13    XL:     3   Next: 50%
Magic:  4/4        EV: 12    Int: 10    God:
Gold:   65         SH:  0    Dex:  9    Spells: 4/5 levels left

rFire   . . .      SeeInvis .     - Unarmed
rCold   + . .      Faith    .   (no shield)
rNeg    + + +      Spirit   .   a - +0 robe
rPois   inf        Reflect  .   c - +1 helmet
rElec   .          Harm     .   (no cloak)
rCorr   .          Rampage  .   (no gloves)
Will    .....                   (no boots)
Stlth   ++........              (no amulet)
HPRegen 0.00/turn               (no ring)
MPRegen 0.09/turn               (no ring)

@: inhibited regen
A: claws 1, cold resistance 1, negative energy resistance 3, inhibited
regeneration, torment resistance 2, devour on kill
a: no special abilities


You were on level 2 of the Dungeon.
You visited 1 branch of the dungeon, and saw 2 of its levels.

You collected 65 gold pieces.


Innate Abilities, Weirdness & Mutations

You are immune to poison.
You have sharp fingernails.
Your flesh is cold resistant. (rC+)
You are immune to negative energy. (rN+++)
You do not regenerate when monsters are visible.
You are immune to unholy pain and torment.
You thrive by killing the living.


   Skills:
 - Level 1.0 Fighting
 - Level 1.7 Dodging
 - Level 2.1 Stealth
 + Level 3.0 Unarmed Combat
 - Level 1.7 Spellcasting
 - Level 0.7 Conjurations
 - Level 2.4 Fire Magic


You had 4 spell levels left.
You knew the following spells:

 Your Spells              Type           Power      Damage    Failure   Level
a - Foxfire               Conj/Fire      16%        2x1d4     17%         1

Your spell library contained the following spells:

 Spells                   Type           Power      Damage    Failure   Level
 Scorch                   Fire           10%        2d6       19%         2
 Conjure Flame            Conj/Fire      4%         6-21      45%         3
 Inner Flame              Hex/Fire       3%         N/A       52%         3
 Flame Wave               Conj/Fire      4%         2d5       86%         4

Inventory:

Armour
 a - a +0 robe (worn)
 c - a +1 helmet (worn)
Scrolls
 Y - a scroll of enchant weapon
Potions
 g - a potion of curing

Dungeon Overview and Level Annotations

Branches:
Dungeon (2/15)

Altars:

Annotations:
D:2 Robin


Message History

a +0 club; a goblin corpse You scratch Robin.
Robin is lightly wounded.
A goblin comes into view. It is wielding a +0 dagger.
Robin barely misses you.
You scratch Robin.
Robin is moderately wounded.
The goblin barely misses you. Robin hits you but does no damage.
A goblin comes into view. It is wielding a +0 dagger.
1566 ||| Stepping ~*~*~tactically~*~*~ (outnumbered).
A goblin comes into view. It is wielding a +0 dagger.
A hobgoblin comes into view.
Robin throws the goblin at you!
1567 ||| Stepping ~*~*~tactically~*~*~ (outnumbered).
The goblin attacks as you move away! The goblin hits you but does no damage.
The goblin attacks as you move away! The goblin barely misses you.
A goblin comes into view. It is wielding a +0 club.
Robin throws the goblin at you!
1568 ||| Stepping ~*~*~tactically~*~*~ (outnumbered).
The goblin shouts!
The hobgoblin hits you but does no damage.
Robin hits you but does no damage. The goblin misses you.
You scratch Robin.
Robin is severely wounded.
The goblin hits you but does no damage. The hobgoblin misses you.
The goblin barely misses you.
Robin roars a battlecry!
The goblins go into a battle-frenzy!
You scratch Robin.
Robin is almost dead.
The goblin hits you with a +0 dagger. The hobgoblin barely misses you.
The goblin closely misses you.
You closely miss Robin.
Robin is almost dead.
The goblin hits you but does no damage. The hobgoblin hits you.
The goblin hits you with a +0 dagger.
You scratch Robin.
Robin is almost dead.
The goblin hits you with a +0 dagger. The hobgoblin hits you.
You die...

##..PPPPP....#
#.......P.#.#
#...........#
#.#...#######
#.######
######.##)..#
#....gg.))#
#.#.##gg).# ..
#@g### #.
##g..# # .g#.#
.......
.######## #. #


You could see Robin, a hobgoblin (strong) and 5 goblins.

Vanquished Creatures
  2 dart slugs (D:1)
  3 ball pythons
  An endoplasm (D:1)
  4 giant cockroaches
  4 hobgoblins
  A quokka (D:1)
  A frilled lizard (D:1)
  8 goblins
  9 rats (D:1)
33 creatures vanquished.

Notes
Turn   | Place    | Note
-------+----------+-------------------------------------------
     0 | D:1      | qw the Ghoul Fire Elementalist began the quest for the Orb.
     0 | D:1      | Reached XP level 1. HP: 14/14 MP: 2/2
     0 | D:1      | 0 ||| qw: Version: 0.1-a-90-g952f4b7
     0 | D:1      | 0 ||| qw: Game counter: 4132
     0 | D:1      | 0 ||| qw: Always use a shield: true
     0 | D:1      | 0 ||| qw: God list: Okawaru
     0 | D:1      | 0 ||| qw: Allow faded altars: false
     0 | D:1      | 0 ||| qw: Do Orc after D:15 true
     0 | D:1      | 0 ||| qw: Do second Lair branch before Depths: true
     0 | D:1      | 0 ||| qw: Lair rune preference: random
     0 | D:1      | 0 ||| qw: Plans: Normal
     0 | D:1      | 0 ||| PLANNING D:1-11
   182 | D:1      | Reached skill level 1 in Unarmed Combat
   224 | D:1      | 224 ||| Stepping ~*~*~tactically~*~*~ (stealth).
   233 | D:1      | Reached skill level 1 in Fighting
   233 | D:1      | Reached XP level 2. HP: 10/23 MP: 3/3
   670 | D:1      | 670 ||| Stepping ~*~*~tactically~*~*~ (hiding).
   752 | D:1      | 752 ||| Stepping ~*~*~tactically~*~*~ (stealth).
   753 | D:1      | 753 ||| Stepping ~*~*~tactically~*~*~ (hiding).
   754 | D:1      | 754 ||| Stepping ~*~*~tactically~*~*~ (hiding).
   771 | D:1      | Reached skill level 2 in Unarmed Combat
   895 | D:1      | 895 ||| Stepping ~*~*~tactically~*~*~ (stealth).
   896 | D:1      | 896 ||| Stepping ~*~*~tactically~*~*~ (stealth).
   899 | D:1      | 899 ||| Stepping ~*~*~tactically~*~*~ (stealth).
   901 | D:1      | 901 ||| Stepping ~*~*~tactically~*~*~ (stealth).
   903 | D:1      | 903 ||| Stepping ~*~*~tactically~*~*~ (stealth).
   916 | D:1      | 916 ||| Stepping ~*~*~tactically~*~*~ (outnumbered).
   917 | D:1      | 917 ||| Stepping ~*~*~tactically~*~*~ (outnumbered).
   918 | D:1      | 918 ||| Stepping ~*~*~tactically~*~*~ (outnumbered).
   919 | D:1      | 919 ||| Stepping ~*~*~tactically~*~*~ (outnumbered).
   928 | D:1      | Reached XP level 3. HP: 22/28 MP: 4/4
  1464 | D:1      | 1464 ||| UPGRADING to +1 helmet.
  1469 | D:1      | 1469 ||| READING scroll labelled RAKUOL OROG INY.
  1470 | D:1      | 1470 ||| READING scroll labelled NEYMPINOUG.
  1471 | D:1      | 1471 ||| READING scroll labelled QECAIV JOSOT.
  1472 | D:1      | 1472 ||| READING scroll labelled LAMIKHLADACK.
  1473 | D:1      | 1473 ||| READING 2 scrolls labelled FAIZ KUWNE.
  1474 | D:1      | 1474 ||| DRINKING 2 murky purple potions.
  1475 | D:1      | 1475 ||| DROPPING potion of magic.
  1517 | D:2      | Found a faded altar of an unknown god.
  1544 | D:2      | 1544 ||| Stepping ~*~*~tactically~*~*~ (stealth).
  1561 | D:2      | Noticed Robin
  1562 | D:2      | Reached skill level 3 in Unarmed Combat
  1566 | D:2      | 1566 ||| Stepping ~*~*~tactically~*~*~ (outnumbered).
  1567 | D:2      | 1567 ||| Stepping ~*~*~tactically~*~*~ (outnumbered).
  1568 | D:2      | 1568 ||| Stepping ~*~*~tactically~*~*~ (outnumbered).
  1571 | D:2      | HP: 7/28 [goblin/+0 dagger[Robin] (3)]
  1572 | D:2      | HP: 3/28 [goblin/+0 dagger[Robin] (4)]
  1572 | D:2      | Slain by a hobgoblin

Levels and vault maps discovered:
D:1:      dpeg_arrival_ratfight, layout_basic, roderic_lattice_a
D:2:      layout_loops_cross, basic_altar, dreamdust_ecumenical_altar_grove,
          minmay_misc_feat_alley, uniq_robin, uniq_natasha

Skill      XL: |  1  2  3 |
---------------+----------+-----
Unarmed Combat | 1 2 3 |  3.0
Fighting       | 1 |  1.0
Dodging        | |  1.7
Stealth        | |  2.1
Spellcasting   | |  1.7
Conjurations   | |  0.7
Fire Magic     | |  2.4

Action                   || total
-------------------------++-------
Melee: Unarmed           ||   114
       Punch             ||     1
  Use: Scroll            ||     5
       Potion            ||     1
Armor: Robe              ||    25
Dodge: Dodged            ||    64

Table legend:
 A = Non-vault XP
 B = Vault XP
 C = Vault XP percentage of total XP
 D = Non-vault monster count
 E = Vault monster count
 F = Vault count percentage of total count
                 A         B        C        D         E       F
            +---------+---------+-------+---------+---------+-------
      Total |      41 |      17 |  29.3 |      22 |      11 |  33.3
            +---------+---------+-------+---------+---------+-------
        D:1 |      38 |       5 |  11.6 |      20 |       5 |  20.0
        D:2 |       3 |      12 |  80.0 |       2 |       6 |  75.0
            +---------+---------+-------+---------+---------+-------
